 Dungeon Crawl Stone Soup version 0.30.2 (webtiles) character file.

Game seed: 10653687835853408882

1508 porpoise the Cudgeller (level 8, -4/61 HPs)
             Began as a Gnoll Wanderer on Apr 14, 2024.
             Killed from afar by an electric eel (15 damage)
             ... with a bolt of electricity
             ... on level 6 of the Dungeon.
             The game lasted 00:17:57 (5274 turns).

porpoise the Cudgeller (Gnoll Wanderer)             Turns: 5274, Time: 00:18:02

Health: -4/61      AC: 20    Str: 22    XL:     8   Next: 82%
Magic:  13/13      EV: 10    Int:  7    God:
Gold:   411        SH:  0    Dex:  9    Spells: 14/14 levels left

rFire   . . .        b - +8 sling of the Mushroom {freeze, rN++ Str+3 Int-2}
rCold   . . .        (no shield)
rNeg    + + +        h - +1 pearl dragon scales
rPois   +            n - +0 helmet
rElec   .            m - +0 cloak
rCorr   .            d - +0 pair of gloves
SInv    .            (no boots)
Will    .....        (no amulet)
Stlth   +            s - ring of poison resistance
HPRegen 0.30/turn    r - +4 ring of protection
MPRegen 0.13/turn

%: no passive effects
@: no status effects
A: fangs 1, strong nose, distributed training
a: no special abilities


You were on level 6 of the Dungeon.
You visited 1 branch of the dungeon, and saw 6 of its levels.
You also visited: Sewer.

You collected 411 gold pieces.

Inventory:

Hand Weapons
 a - a +2 mace
 b - the +8 sling of the Mushroom (weapon) {freeze, rN++ Str+3 Int-2}
   (You acquired it on level 3 of the Dungeon)

   Str:       It affects your strength (+3).
   Int:       It affects your intelligence (-2).
   rN:        It greatly protects you from negative energy.
Missiles
 c - 13 poisoned darts
 y - a throwing net
Armour
 d - a +0 pair of gloves (worn)
 h - +1 pearl dragon scales (worn)
 m - a +0 cloak (worn)
 n - a +0 helmet (worn)
 t - the +1 pair of gloves of the Mauling Gods {rPois rF- Str-2 Dex+9}
   (You found it on level 3 of the Dungeon)

   Str:       It affects your strength (-2).
   Dex:       It affects your dexterity (+9).
   rF:        It makes you vulnerable to fire.
   rPois:     It protects you from poison.
Jewellery
 f - a ring of protection from cold
 r - a +4 ring of protection (right hand)
 s - a ring of poison resistance (left hand)
 C - a +6 ring of intelligence
 F - a +6 ring of dexterity
 K - a ring of fire
Wands
 j - a wand of iceblast (6)
 z - a wand of charming (8)
 E - a wand of quicksilver (4)
Scrolls
 e - a scroll of enchant weapon {unknown}
 i - 3 scrolls of teleportation
 l - a scroll of fear {unknown}
 p - a scroll of fog {unknown}
 q - 2 scrolls of vulnerability
 B - a scroll of noise
 D - a scroll of magic mapping
 G - a scroll of amnesia
 H - a scroll of brand weapon {unknown}
Potions
 g - 2 potions of mutation
 k - 2 potions of cancellation
 o - a potion of ambrosia
 u - a potion of lignification
 v - 2 potions of brilliance
 w - a potion of might {unknown}
 x - 2 potions of haste {unknown}
 A - a potion of invisibility {unknown}
 I - a potion of curing
 J - a potion of flight {unknown}


   Skills:
 + Level 4.6 Fighting
 + Level 3.7 Short Blades
 + Level 6.0 Long Blades
 + Level 3.7 Axes
 + Level 7.6 Maces & Flails
 + Level 3.7 Polearms
 + Level 3.7 Staves
 + Level 3.7 Ranged Weapons
 + Level 4.6 Throwing
 + Level 4.6 Armour
 + Level 3.7 Dodging
 + Level 4.5 Stealth
 + Level 3.7 Shields
 + Level 3.7 Unarmed Combat
 + Level 3.7 Spellcasting
 + Level 3.1 Conjurations
 + Level 3.1 Hexes
 + Level 3.1 Summonings
 + Level 3.1 Necromancy
 + Level 3.1 Translocations
 + Level 3.1 Transmutations
 + Level 3.1 Fire Magic
 + Level 3.1 Ice Magic
 + Level 3.1 Air Magic
 + Level 3.1 Earth Magic
 + Level 3.1 Poison Magic
 + Level 4.1 Invocations
 + Level 4.6 Evocations


You had 14 spell levels left.
You didn't know any spells.
Your spell library contained the following spells:

 Spells                   Type           Power      Damage    Failure   Level
 Sandblast                Erth           10%        2d5       26%         1
 Blink                    Tloc           10%        N/A       38%         2
 Passwall                 Tmut/Erth      4%         N/A       38%         2
 Dazzling Flash           Conj/Hex       10%        N/A       63%         3
 Stone Arrow              Conj/Erth      10%        3d7       63%         3
 Volatile Blastmotes      Fire/Tloc      10%        2d10      63%         3
 Iskenderun's Mystic Bla  Conj/Tloc      5%         2d3       95%         4
 Manifold Assault         Tloc           5%         N/A       95%         4
 Starburst                Conj/Fire      2%         6d3       100%        6
 Storm Form               Tmut/Air       2%         N/A       100%        7


Dungeon Overview and Level Annotations

Branches:
Dungeon (6/15)              Sewer (visited)
 Temple: D:4-7

Altars:
Kikubaaqudgha


Innate Abilities, Weirdness & Mutations

You have very sharp teeth.
Your uncanny sense of smell can sniff out nearby items.
Your experience applies equally to all skills.


Message History

You shoot a sling bullet. The sling bullet hits the electric eel!
The sling bullet freezes the electric eel.
You kill the electric eel!
You hear a splash.
You start waiting.
Done waiting.
You enter the shallow water.
Moving in this stuff is going to be slow.
You see here an iguana skeleton.
Found a dagger.
You see here a +0 dagger.
You see here 5 stones.
i - 3 scrolls of teleportation (gained 1)
Found an escape hatch in the ceiling.
Found a stone staircase leading up.
Found 4 stones.
There is an escape hatch in the ceiling here.
An electric eel comes into view.
You shoot a sling bullet.
The sling bullet barely misses the electric eel.
The electric eel shoots out a bolt of lightning at you!
The bolt of electricity hits you.
The electric eel shoots out a bolt of lightning at you!
The bolt of electricity hits you!
Okay, then.
You shoot a sling bullet. The sling bullet hits the electric eel.
The sling bullet freezes the electric eel.
The electric eel is lightly wounded.
You shoot a sling bullet.
The sling bullet closely misses the electric eel.
The electric eel shoots out a bolt of lightning at you!
The bolt of electricity misses you. The bolt of electricity hits you!
You shoot a sling bullet.
The sling bullet misses the electric eel.
The electric eel shoots out a bolt of lightning at you!
The bolt of electricity hits you! x2
* * * LOW HITPOINT WARNING * * *
The electric eel shoots out a bolt of lightning at you!
The bolt of electricity hits you!
You die...

## ##.## #♣~~~ ##.. #~~~~
~ ♣## ##. ~~PS. ~♣?. ##.
∆ ♣~P. ~..# #.. #P~.♣#..#
#.# ##...#..# #.#
###....#..# ###.#
.......@..# #....
#########..# #####.##.
....<...#..######.....#..
..(....<.......##.###.##.
########.................
#...###.##########
###.###.# #.....# #######


You could see an electric eel.

Vanquished Creatures
  2 water moccasins
  A sky beast (D:5)
  Pargi (Sewer)
  2 black bears
  A phantom (D:2)
  A bullfrog (D:6)
  4 scorpions
  An electric eel (D:6)
  An orc priest (D:5)
  3 hounds
  2 jellies (D:5)
  Crazy Yiuf (D:2)
  3 iguanas
  2 sleepcaps
  Terence (D:2)
  An orc wizard (D:5)
  5 adders
  A white imp (D:5)
  2 worms (D:2)
  4 dart slugs (D:1)
  6 bats
  5 endoplasms
  5 giant cockroaches
  3 goblins
  8 hobgoblins
  9 jackals
  3 kobolds (D:1)
  5 quokkas
  8 ball pythons
  3 frilled lizards
  5 rats
99 creatures vanquished.

Vanquished Creatures (others)
  A human (D:3)
  An orc wizard (D:5)
2 creatures vanquished.

Grand Total: 101 creatures vanquished

Notes
Turn   | Place    | Note
-------+----------+-------------------------------------------
     0 | D:1      | porpoise the Gnoll Wanderer began the quest for the Orb.
     0 | D:1      | porpoise set off with the following items: a +2 mace, a +0
                  | falchion, 10 poisoned darts, a +0 dagger, a potion of
                  | curing, a +0 leather armour.
     0 | D:1      | Reached XP level 1. HP: 17/17 MP: 1/1
    84 | D:1      | Reached XP level 2. HP: 21/23 MP: 2/2
   356 | D:1      | Reached XP level 3. HP: 27/28 MP: 3/3
   361 | D:1      | Found a faded altar of an unknown god.
   549 | D:1      | Reached skill level 1 in Invocations
  1152 | D:2      | Found a runed translucent door.
  1153 | D:2      | Noticed Crazy Yiuf
  1160 | D:2      | Killed Crazy Yiuf
  1161 | D:2      | Reached skill level 1 in Short Blades
  1161 | D:2      | Reached skill level 1 in Axes
  1161 | D:2      | Reached skill level 1 in Polearms
  1161 | D:2      | Reached skill level 1 in Staves
  1161 | D:2      | Reached skill level 1 in Ranged Weapons
  1161 | D:2      | Reached skill level 1 in Dodging
  1161 | D:2      | Reached skill level 1 in Shields
  1161 | D:2      | Reached skill level 1 in Unarmed Combat
  1161 | D:2      | Reached skill level 1 in Spellcasting
  1161 | D:2      | Reached XP level 4. HP: 34/34 MP: 5/5
  1255 | D:2      | Noticed Terence
  1267 | D:2      | Killed Terence
  1268 | D:2      | Reached skill level 1 in Conjurations
  1268 | D:2      | Reached skill level 1 in Hexes
  1268 | D:2      | Reached skill level 1 in Summonings
  1268 | D:2      | Reached skill level 1 in Necromancy
  1268 | D:2      | Reached skill level 1 in Translocations
  1268 | D:2      | Reached skill level 1 in Transmutations
  1268 | D:2      | Reached skill level 1 in Fire Magic
  1268 | D:2      | Reached skill level 1 in Ice Magic
  1268 | D:2      | Reached skill level 1 in Air Magic
  1268 | D:2      | Reached skill level 1 in Earth Magic
  1268 | D:2      | Reached skill level 1 in Poison Magic
  1555 | D:2      | Noticed a phantom
  1587 | D:2      | Killed a phantom
  1588 | D:2      | Reached XP level 5. HP: 18/41 MP: 5/7
  1708 | D:3      | Identified a scroll of acquirement
  1708 | D:3      | Acquired the +8 sling of the Mushroom {freeze, rN++ Str+3
                  | Int-2}
  1743 | D:3      | Found a glowing drain.
  1763 | Sewer    | Entered a sewer
  1796 | Sewer    | Noticed Pargi
  1809 | Sewer    | Killed Pargi
  1810 | Sewer    | Reached skill level 5 in Long Blades
  1810 | Sewer    | Reached XP level 6. HP: 38/47 MP: 7/9
  2108 | D:3      | Identified the +1 pair of gloves of the Mauling Gods {rPois
                  | rF- Str-2 Dex+9}
  2370 | D:3      | Found an ancient bone altar of Kikubaaqudgha.
  2376 | D:3      | Noticed a human
  2377 | D:3      | Killed a human
  2805 | D:4      | Noticed a black bear
  2818 | D:4      | Killed a black bear
  2819 | D:4      | Reached skill level 7 in Maces & Flails
  2819 | D:4      | Reached XP level 7. HP: 23/52 MP: 10/10
  3433 | D:5      | Entered Level 5 of the Dungeon
  3925 | D:5      | Reached XP level 8. HP: 47/60 MP: 12/12
  5274 | D:6      | Killed from afar by an electric eel

Illustrated notes

Levels and vault maps discovered:
D:1:      lemuel_arrival_river_ford, layout_loops_ring,
          hellmonk_ecumenical_altar_defaced_shrine
D:2:      layout_rooms, uniq_crazy_yiuf_cottage, uniq_terence
D:3:      layout_basic, tgw_kikubaaqudgha, portal_sewer_entry_a
D:4:      layout_loops_corners
D:5:      layout_loops_ring
D:6:      layout_loops_ring, serial_bayou_lagoon_b

Skill      XL: |  1  2  3  4  5  6  7  8 |
---------------+-------------------------+-----
Invocations    | 1 2 3 4 |  4.1
Short Blades   | 1 2 3 |  3.7
Axes           | 1 2 3 |  3.7
Polearms       | 1 2 3 |  3.7
Staves         | 1 2 3 |  3.7
Ranged Weapons | 1 2 3 |  3.7
Dodging        | 1 2 3 |  3.7
Shields        | 1 2 3 |  3.7
Unarmed Combat | 1 2 3 |  3.7
Spellcasting   | 1 2 3 |  3.7
Conjurations   | 1 2 3 |  3.1
Hexes          | 1 2 3 |  3.1
Summonings     | 1 2 3 |  3.1
Necromancy     | 1 2 3 |  3.1
Translocations | 1 2 3 |  3.1
Transmutations | 1 2 3 |  3.1
Fire Magic     | 1 2 3 |  3.1
Ice Magic      | 1 2 3 |  3.1
Air Magic      | 1 2 3 |  3.1
Earth Magic    | 1 2 3 |  3.1
Poison Magic   | 1 2 3 |  3.1
Fighting       | 3 4 |  4.6
Throwing       | 3 4 |  4.6
Armour         | 3 4 |  4.6
Evocations     | 3 4 |  4.6
Long Blades    | 5 6 |  6.0
Stealth        | 3 4 |  4.5
Maces & Flails | 7 |  7.6

Action                     |  1- 3 |  4- 6 |  7- 9 || total
---------------------------+-------+-------+-------++-------
  Melee: Mace              |    69 |    72 |   145 ||   286
         Bite              |     5 |     4 |    10 ||    19
         Punch             |       |       |     4 ||     4
   Fire: Sling             |       |    55 |    38 ||    93
  Throw: Dart              |     3 |     4 |       ||     7
  Evoke: Wand              |       |       |     1 ||     1
    Use: Scroll            |       |     9 |     3 ||    12
         Potion            |       |       |     2 ||     2
   Stab: Sleeping          |     1 |       |       ||     1
 Armour: Ring mail         |    21 |       |       ||    21
         Pearl dragon scal |     9 |    71 |   135 ||   215
  Dodge: Dodged            |    32 |    62 |    56 ||   150
